[ AOE2 MATCH · #504746320 ]
UnrankedEthiopians vs Aztecs
Player's team · LOSS
Rival team · WIN
[ REPLAY ANALYSIS · EXTRACTED FROM THE RECORDED GAME ]
Feudal
—
Castle
—
Imperial
—
| APM avg | 33.7 |
| APM peak | 51 |
| eAPM avg | 17.3 |
| Villagers / military | 19 / 0 |
Focus
⚔️ 50.7% · 🌾 49.3%
Feudal
—
Castle
—
Imperial
—
| APM avg | 0.2 |
| APM peak | 2 |
| eAPM avg | 0.2 |
| Villagers / military | 0 / 0 |
Match map
Initial resources + every placement click. Lines = walls · curves = elevation contours. ◆ gold · ⬟ stone · ● berries · ✦ relic · ◌ wall gap
Your base
ForeverNoob's base
Smoothed initial terrain · ◌ = detected wall gap · hover for details
Inputs per minute
— DS_Kawakaze - - ForeverNoob
Build order — DS_Kawakaze
23 actions detected in the replay
| 0:00 | Queue | Villager (Male) ×4 |
| 0:02 | Build | House |
| 0:04 | Build | House |
| 1:17 | Queue | Villager (Male) |
| 1:40 | Queue | Villager (Male) |
| 1:47 | Build | Lumber Camp |
| 2:11 | Queue | Villager (Male) |
| 2:38 | Queue | Villager (Male) |
| 2:56 | Queue | Villager (Male) |
| 3:44 | Queue | Villager (Male) |
| 4:05 | Research | Loom |
| 4:27 | Build | House |
| 4:28 | Queue | Villager (Male) |
| 5:16 | Queue | Villager (Male) |
| 5:43 | Queue | Villager (Male) |
| 5:56 | Build | House |
| 6:08 | Queue | Villager (Male) |
| 6:35 | Queue | Villager (Male) |
| 7:01 | Queue | Villager (Male) |
| 7:40 | Queue | Villager (Male) |
| 8:17 | Queue | Villager (Male) |
| 8:24 | Build | House |
| 8:43 | Queue | Villager (Male) |
Build order — ForeverNoob
0 actions detected in the replay
Match timeline
[ AI ANALYSIS · 1 CREDIT ]
What really happened in this match?
Wolo.gg analyzes every decision: build order, eco, micro, common mistakes by bracket. Personalized analysis on WhatsApp or Discord in 30 seconds.
Civ guide
Ethiopians
Perfil
DS_Kawakaze